 Dungeon Sprint DCSS version 0.23.2-40-g277498a (webtiles) character file.

Game seed: 4997215196961713970

742 silentkaos13 the Thaumaturge (level 7, -5/57 HPs)
             Began as a Gnoll Wizard on Oct 11, 2019.
             Was an Initiate of Kikubaaqudgha.
             Slain by a chaos spawn (9 damage)
             ... summoned by a kobold demonologist
             ... in the Dungeon (Sprint I: "Red Sonja").
             The game lasted 00:04:19 (684 turns).

silentkaos13 the Thaumaturge (Gnoll Wizard)          Turns: 684, Time: 00:04:20

Health: -5/57      AC:  2    Str: 10    XL:     7   Next: 76%
Magic:  2/19       EV: 16    Int: 22    God:    Kikubaaqudgha [......]
Gold:   416        SH:  0    Dex: 13    Spells: 13/24 levels left

rFire    . . .     SeeInvis .     - Unarmed
rCold    . . .     Gourm    .   (no shield)
rNeg     . . .     Faith    .   a - +0 robe
rPois    .         Spirit   .   b - +0 hat
rElec    .         Reflect  .   (no cloak)
rCorr    .         Harm     .   (no gloves)
MR       .....     NoTele   +   (no boots)
Stlth    +++.......             (no amulet)
HPRegen  0.19/turn              (no ring)
MPRegen  0.16/turn              (no ring)

@: very slightly contaminated
A: distributed training, fangs 1, strong nose
a: Renounce Religion


You were in the Dungeon.
You worshipped Kikubaaqudgha.
Kikubaaqudgha was noncommittal.
You were not hungry.

You visited 1 branch You collected 416 gold pieces.

Inventory:

Armour
 a - a +0 robe (worn)
 b - a +0 hat (worn)
Jewellery
 c - an uncursed ring of protection from fire {unknown}
Scrolls
 j - a scroll of blinking
Potions
 e - 2 potions of curing
 f - a potion of heal wounds
 g - a potion of haste
 h - 2 potions of magic
Comestibles
 d - a ration
 i - 5 chunks of flesh


   Skills:
 + Level 5.7 Fighting
 + Level 5.7 Short Blades
 + Level 5.7 Long Blades
 + Level 5.7 Axes
 + Level 5.7 Maces & Flails
 + Level 5.7 Polearms
 + Level 5.7 Staves
 + Level 5.7 Slings
 + Level 5.7 Bows
 + Level 5.7 Crossbows
 + Level 5.7 Throwing
 + Level 5.7 Armour
 + Level 7.4 Dodging
 + Level 7.2 Stealth
 + Level 5.7 Shields
 + Level 5.7 Unarmed Combat
 + Level 9.2 Spellcasting
 + Level 5.2 Conjurations
 + Level 4.7 Hexes
 + Level 4.7 Charms
 + Level 5.2 Summonings
 + Level 4.7 Necromancy
 + Level 5.2 Translocations
 + Level 4.7 Transmutations
 + Level 4.7 Fire Magic
 + Level 4.7 Ice Magic
 + Level 4.7 Air Magic
 + Level 4.7 Earth Magic
 + Level 4.7 Poison Magic
 + Level 6.3 Invocations
 + Level 5.7 Evocations


You had 13 spell levels left.
You knew the following spells:

 Your Spells              Type           Power        Failure   Level  Hunger
a - Magic Dart            Conj           ####         1%          1    None
b - Call Imp              Summ           ####....     1%          2    None
c - Conjure Flame         Conj/Fire      ####....     2%          3    None
d - Mephitic Cloud        Conj/Pois/Air  ####....     2%          3    None
e - Blink                 Tloc           N/A          1%          2    None

Your spell library contained the following spells:

 Spells                   Type           Power        Failure   Level  Hunger
 Slow                     Hex            ####....     1%          2    None


Dungeon Overview and Level Annotations

Branches:
Dungeon (1/1)

Altars:
Cheibriados
Dithmenos
Elyvilon
Fedhas
Gozag
Hepliaklqana
Kikubaaqudgha
Makhleb
Nemelex Xobeh
Okawaru
Qazlal
Ru
Sif Muna
Trog
Uskayaw
Vehumet
Wu Jian
Xom
Yredelemnul
Zin
The Shining One
Jiyva
Lugonu

Shops:
D =


Innate Abilities, Weirdness & Mutations

Your experience applies equally to all skills.
You have very sharp teeth.
Your uncanny sense of smell can sniff out nearby items.


Message History

The kobold demonologist is engulfed in noxious fumes.
The kobold demonologist appears confused.
The ice devil barely misses you.
You miss the kobold demonologist.
Your punch misses the kobold demonologist.
The kobold demonologist is moderately wounded.
The chaos spawn barely misses you.
The kobold demonologist hits you with a +0 dagger.
The kobold demonologist is engulfed in noxious fumes.
The kobold demonologist appears confused.
You hit the kobold demonologist.
The kobold demonologist is moderately wounded.
The ice devil hits you. The ice devil freezes you!
* * * LOW HITPOINT WARNING * * *
The kobold demonologist miscasts a cantrip.
The chaos spawn hits you.
* * * LOW HITPOINT WARNING * * *
The chaos spawn freezes you!
You die...
Kikubaaqudgha rasps: "You have failed me!
Welcome... death!"

#######################
#<.#.)@KK#..'.§#__#..'.
#..')4#4○5..#..'..4.4#.
#..#####°#####'#__####
#..####..#...#.####∆∆
#..#__####..##[# ∆
#..#_____##'#_.+
#⌠⌠#_.∩...÷..._# ∆
####_..__##_.#'#
∆∆#_____###+#.#∆∆∆∆


You could see an ice devil, 2 kobold demonologists, a chaos spawn and a crimson
imp.

Vanquished Creatures
  A slime creature (D)
  Sigmund (D)
  A yak (D)
  A floating eye (D)
  An ogre (D)
  A jelly (D)
  Ijyb (D)
7 creatures vanquished.

Notes
Turn   | Place    | Note
-------+----------+-------------------------------------------
     0 | D        | silentkaos13 the Gnoll Wizard began the quest for the Orb.
     0 | D        | Reached XP level 1. HP: 13/13 MP: 8/8
     1 | D        | Noticed Ijyb
     8 | D        | Killed Ijyb
     8 | D        | Reached skill level 1 in Fighting
     8 | D        | Reached skill level 1 in Short Blades
     8 | D        | Reached skill level 1 in Long Blades
     8 | D        | Reached skill level 1 in Axes
     8 | D        | Reached skill level 1 in Maces & Flails
     8 | D        | Reached skill level 1 in Polearms
     8 | D        | Reached skill level 1 in Staves
     8 | D        | Reached skill level 1 in Slings
     8 | D        | Reached skill level 1 in Bows
     8 | D        | Reached skill level 1 in Crossbows
     8 | D        | Reached skill level 1 in Throwing
     8 | D        | Reached skill level 1 in Armour
     8 | D        | Reached skill level 1 in Shields
     8 | D        | Reached skill level 1 in Unarmed Combat
     8 | D        | Reached skill level 1 in Hexes
     8 | D        | Reached skill level 1 in Charms
     8 | D        | Reached skill level 1 in Necromancy
     8 | D        | Reached skill level 1 in Transmutations
     8 | D        | Reached skill level 1 in Fire Magic
     8 | D        | Reached skill level 1 in Ice Magic
     8 | D        | Reached skill level 1 in Air Magic
     8 | D        | Reached skill level 1 in Earth Magic
     8 | D        | Reached skill level 1 in Poison Magic
     8 | D        | Reached skill level 1 in Invocations
     8 | D        | Reached skill level 1 in Evocations
     8 | D        | Reached XP level 2. HP: 22/22 MP: 10/10
     8 | D        | Reached XP level 3. HP: 27/27 MP: 11/11
    65 | D        | Learned a level 2 spell: Call Imp
    69 | D        | Learned a level 3 spell: Conjure Flame
    73 | D        | Learned a level 3 spell: Mephitic Cloud
    75 | D        | Noticed an ogre
    98 | D        | Killed an ogre
    98 | D        | Reached skill level 5 in Dodging
    98 | D        | Reached skill level 5 in Stealth
    98 | D        | Reached XP level 4. HP: 35/35 MP: 4/13
   168 | D        | Learned a level 2 spell: Blink
   178 | D        | Noticed Sigmund
   185 | D        | Killed Sigmund
   185 | D        | Reached skill level 8 in Spellcasting
   185 | D        | Reached XP level 5. HP: 42/42 MP: 7/15
   185 | D        | Reached XP level 6. HP: 48/48 MP: 7/17
   462 | D        | Found an ornate altar of the Wu Jian Council.
   462 | D        | Found a deep blue altar of Sif Muna.
   464 | D        | Found a radiant altar of Vehumet.
   523 | D        | Found Orerph's Jewellery Emporium.
   523 | D        | Found an ancient bone altar of Kikubaaqudgha.
   523 | D        | Found a hazy altar of Hepliaklqana.
   523 | D        | Found a stormy altar of Qazlal.
   523 | D        | Found a hide-covered altar of Uskayaw.
   523 | D        | Found a blossoming altar of Fedhas.
   523 | D        | Found a bloodstained altar of Trog.
   523 | D        | Found an iron altar of Okawaru.
   523 | D        | Found a basalt altar of Yredelemnul.
   523 | D        | Found a glowing golden altar of the Shining One.
   523 | D        | Found a snail-covered altar of Cheibriados.
   523 | D        | Found a sacrificial altar of Ru.
   523 | D        | Found a glowing silver altar of Zin.
   523 | D        | Found a shadowy altar of Dithmenos.
   523 | D        | Found a white marble altar of Elyvilon.
   523 | D        | Noticed a yak
   528 | D        | Killed a yak
   528 | D        | Reached skill level 5 in Fighting
   528 | D        | Reached skill level 5 in Short Blades
   528 | D        | Reached skill level 5 in Long Blades
   528 | D        | Reached skill level 5 in Axes
   528 | D        | Reached skill level 5 in Maces & Flails
   528 | D        | Reached skill level 5 in Polearms
   528 | D        | Reached skill level 5 in Staves
   528 | D        | Reached skill level 5 in Slings
   528 | D        | Reached skill level 5 in Bows
   528 | D        | Reached skill level 5 in Crossbows
   528 | D        | Reached skill level 5 in Throwing
   528 | D        | Reached skill level 5 in Armour
   528 | D        | Reached skill level 5 in Shields
   528 | D        | Reached skill level 5 in Unarmed Combat
   528 | D        | Reached skill level 5 in Invocations
   528 | D        | Reached skill level 5 in Evocations
   528 | D        | Reached XP level 7. HP: 56/56 MP: 12/19
   579 | D        | Found an opulent altar of Gozag.
   582 | D        | Found a sparkling altar of Nemelex Xobeh.
   588 | D        | Became a worshipper of Kikubaaqudgha
   603 | D        | Found a burning altar of Makhleb.
   603 | D        | Found a viscous altar of Jiyva.
   603 | D        | Found a shimmering altar of Xom.
   603 | D        | Found a corrupted altar of Lugonu.
   603 | D        | Noticed a slime creature
   610 | D        | Killed a slime creature
   610 | D        | Reached skill level 9 in Spellcasting
   610 | D        | Reached skill level 5 in Conjurations
   610 | D        | Reached skill level 5 in Summonings
   610 | D        | Reached skill level 5 in Translocations
   642 | D        | Noticed a kobold demonologist
   642 | D        | Noticed a kobold demonologist
   647 | D        | Noticed a rust devil
   647 | D        | Paralysed by a floating eye for 3 turns
   648 | D        | Noticed a red devil
   658 | D        | Noticed a chaos spawn
   678 | D        | Noticed an ice devil
   682 | D        | Noticed a chaos spawn
   684 | D        | Slain by a chaos spawn

Skill      XL: |  1  2  3  4  5  6  7 |
---------------+----------------------+-----
Fighting       | 1 3 4 5 |  5.7
Short Blades   | 1 3 4 5 |  5.7
Long Blades    | 1 3 4 5 |  5.7
Axes           | 1 3 4 5 |  5.7
Maces & Flails | 1 3 4 5 |  5.7
Polearms       | 1 3 4 5 |  5.7
Staves         | 1 3 4 5 |  5.7
Slings         | 1 3 4 5 |  5.7
Bows           | 1 3 4 5 |  5.7
Crossbows      | 1 3 4 5 |  5.7
Throwing       | 1 3 4 5 |  5.7
Armour         | 1 3 4 5 |  5.7
Shields        | 1 3 4 5 |  5.7
Unarmed Combat | 1 3 4 5 |  5.7
Conjurations   | 2 3 4 5 |  5.2
Hexes          | 1 2 3 4 |  4.7
Charms         | 1 2 3 4 |  4.7
Summonings     | 2 3 4 5 |  5.2
Necromancy     | 1 2 3 4 |  4.7
Translocations | 2 3 4 5 |  5.2
Transmutations | 1 2 3 4 |  4.7
Fire Magic     | 1 2 3 4 |  4.7
Ice Magic      | 1 2 3 4 |  4.7
Air Magic      | 1 2 3 4 |  4.7
Earth Magic    | 1 2 3 4 |  4.7
Poison Magic   | 1 2 3 4 |  4.7
Invocations    | 1 3 4 5 6 |  6.3
Evocations     | 1 3 4 5 |  5.7
Dodging        | 5 6 7 |  7.4
Stealth        | 5 6 7 |  7.2
Spellcasting   | 8 9 |  9.2

Action                   |  1- 3 |  4- 6 |  7- 9 || total
-------------------------+-------+-------+-------++-------
Melee: Unarmed           |    15 |     5 |    12 ||    32
       Bite              |     3 |     1 |     3 ||     7
       Punch             |       |     1 |       ||     1
 Cast: Mephitic Cloud    |     2 |     2 |     3 ||     7
       Conjure Flame     |     1 |     3 |     1 ||     5
       Magic Dart        |       |     2 |    12 ||    14
  Use: Potion            |     1 |       |       ||     1
 Stab: Confused          |     2 |     1 |       ||     3
Armor: Robe              |       |       |     1 ||     1
Dodge: Dodged            |     5 |     1 |     6 ||    12
